SNL (28 & UNDER)
WICHITA WRANGLERS @ BLACKIRON DRAGONS
08/30/2025
 
TOP OF THE 1ST
Wichita Wranglers batting - Pitching for BlackIron Dragons : RHP Juan Gutiérrez
Pitching: RHP Juan Gutiérrez
Batting: RHB Tom Howe 0-0: Ball
1-0: Called Strike
1-1: Foul Ball, location: 2F
1-2: Ball
2-2: Ball
3-2: Base on Balls
Batting: RHB Ed Watkins 0-0: Ball
1-0: Foul Ball, location: 2F
1-1: Fly out, F3 (Popup, 3SF)
Batting: RHB Bob Hall 0-0: Called Strike
Tom Howe is caught stealing 2nd base
0-1: Ball
1-1: Fly out, F7 (Line Drive, 7D)
Top of the 1st over - 0 run(s), 0 hit(s), 0 error(s), 0 left on base; Wichita 0 - BlackIron 0
BOTTOM OF THE 1ST
BlackIron Dragons batting - Pitching for Wichita Wranglers : RHP Dae-ho Kim
Pitching: RHP Dae-ho Kim
Batting: RHB Jesús Cruz 0-0: Ball
1-0: Ball
2-0: Ball
3-0: Foul Ball, location: 2F
3-1: Base on Balls
Batting: RHB Boyd Pittman 0-0: Swinging Strike
0-1: Ball
1-1: Fly out, F9 (Flyball, 9M)
Batting: LHB Culley Vaughan 0-0: Ball
1-0: Called Strike
1-1: Swinging Strike
1-2: Strikes out looking
Batting: LHB Chris Waggoner 0-0: Ball
1-0: Ball
2-0: Ball
3-0: Called Strike
3-1: Swinging Strike
3-2: Base on Balls
Jesús Cruz to second
Batting: RHB Preston MacLyan 0-0: Ball
1-0: Ground out 1-3 (Groundball, 15)
Bottom of the 1st over - 0 run(s), 0 hit(s), 0 error(s), 2 left on base; Wichita 0 - BlackIron 0
TOP OF THE 2ND
Wichita Wranglers batting - Pitching for BlackIron Dragons : RHP Juan Gutiérrez
Batting: RHB Don Thomas 0-0: Ball
1-0: Foul Ball, location: 2F
1-1: Ground out 5-3 (Groundball, 5L)
Batting: LHB Alfredo Sánchez 0-0: Swinging Strike
0-1: Ball
1-1: Called Strike
1-2: Ball
2-2: Ball
3-2: Ground out U3 (Groundball, 3L)
Batting: RHB Desi Thompson 0-0: Ball
1-0: Ball
2-0: Ball
3-0: Called Strike
3-1: Foul Ball, location: 2F
3-2: Fly out, F6 (Popup, 4MD)
Top of the 2nd over - 0 run(s), 0 hit(s), 0 error(s), 0 left on base; Wichita 0 - BlackIron 0
BOTTOM OF THE 2ND
BlackIron Dragons batting - Pitching for Wichita Wranglers : RHP Dae-ho Kim
Batting: RHB Frank Maxwell 0-0: Called Strike
0-1: Foul Ball, location: 2F
0-2: Strikes out looking
Batting: RHB Mark Arnold 0-0: Foul Ball, location: 2F
0-1: Ball
1-1: Called Strike
1-2: Ball
2-2: Ball
3-2: Base on Balls
Batting: RHB Doug O'Brien 0-0: Ball
1-0: Ball
2-0: Grounds into double play, 5-4-3 (Groundball, 5)
Bottom of the 2nd over - 0 run(s), 0 hit(s), 0 error(s), 0 left on base; Wichita 0 - BlackIron 0
TOP OF THE 3RD
Wichita Wranglers batting - Pitching for BlackIron Dragons : RHP Juan Gutiérrez
Batting: RHB Doug Delaney 0-0: Ball
1-0: Ball
2-0: Called Strike
2-1: Ball
3-1: Called Strike
3-2: Strikes out looking
Batting: RHB Werner Watkins 0-0: Ball
1-0: Ball
2-0: Swinging Strike
2-1: Ball
3-1: Base on Balls
Batting: RHB Dave Henderson 0-0: Called Strike
0-1: Ball
1-1: Ball
2-1: SINGLE (Groundball, 4D)
Werner Watkins to second
Throwing error, E9
Werner Watkins scores
Dave Henderson to second
Batting: RHB Tom Howe 0-0: Ball
1-0: Foul Ball, location: 2F
1-1: Called Strike
1-2: Strikes out swinging
Batting: RHB Ed Watkins 0-0: Ball
1-0: SINGLE (Groundball, 6M)
Dave Henderson to third
Throwing error, E8
Dave Henderson scores
Ed Watkins to second
Batting: RHB Bob Hall 0-0: SINGLE (Line Drive, 34D)
Ed Watkins to third
Runner from 3rd tries for Home, SAFE, no throw or cutoff
Batting: RHB Don Thomas 0-0: Called Strike
0-1: Ball
1-1: Ball
2-1: Fly out, F9 (Flyball, 9S)
Top of the 3rd over - 3 run(s), 3 hit(s), 2 error(s), 1 left on base; Wichita 3 - BlackIron 0
BOTTOM OF THE 3RD
BlackIron Dragons batting - Pitching for Wichita Wranglers : RHP Dae-ho Kim
Batting: RHB Eugene Payne 0-0: Called Strike
0-1: Swinging Strike
0-2: Strikes out swinging
Batting: RHB Jesús Cruz 0-0: SINGLE (Groundball, 6MD)
Batting: RHB Boyd Pittman 0-0: Ball
Balk!
Jesús Cruz to second
1-0: Swinging Strike
1-1: Foul Ball, location: 2F
1-2: Strikes out looking
Batting: LHB Culley Vaughan 0-0: Ball
1-0: Ball
2-0: Called Strike
2-1: Foul Ball, location: 2F
2-2: Ball
3-2: SINGLE (Groundball, 56S)
Jesús Cruz to third
Jesús Cruz scores
Batting: LHB Chris Waggoner 0-0: Ball
1-0: Foul Ball, location: 2F
1-1: Foul Ball, location: 2F
1-2: Ball
2-2: Fly out, F8 (Flyball, 8LM)
Bottom of the 3rd over - 1 run(s), 2 hit(s), 0 error(s), 1 left on base; Wichita 3 - BlackIron 1
TOP OF THE 4TH
Wichita Wranglers batting - Pitching for BlackIron Dragons : RHP Juan Gutiérrez
Batting: LHB Alfredo Sánchez 0-0: Ball
1-0: Ball
2-0: Foul Ball, location: 2F
2-1: Fly out, F7 (Line Drive, 7S)
Batting: RHB Desi Thompson 0-0: Ground out 5-3 (Groundball, 5)
Batting: RHB Doug Delaney 0-0: Called Strike
0-1: Ball
1-1: Foul Ball, location: 2F
1-2: Ball
2-2: Ball
3-2: Fly out, F9 (Flyball, 89D)
Top of the 4th over - 0 run(s), 0 hit(s), 0 error(s), 0 left on base; Wichita 3 - BlackIron 1
BOTTOM OF THE 4TH
BlackIron Dragons batting - Pitching for Wichita Wranglers : RHP Dae-ho Kim
Batting: RHB Preston MacLyan 0-0: Ball
1-0: Swinging Strike
1-1: Foul Ball, location: 2F
1-2: Strikes out swinging
Batting: RHB Frank Maxwell 0-0: Ball
1-0: Foul Ball, location: 2F
1-1: Swinging Strike
1-2: Ball
2-2: SOLO HOME RUN (Line Drive, 89XD), Distance : 425 ft
Batting: RHB Mark Arnold 0-0: Swinging Strike
0-1: Foul Ball, location: 2F
0-2: Ball
1-2: Strikes out swinging
Batting: RHB Doug O'Brien 0-0: Ball
1-0: Ball
2-0: Called Strike
2-1: Swinging Strike
2-2: Ball
3-2: Base on Balls
Batting: RHB Eugene Payne 0-0: Ball
1-0: Foul Ball, location: 2F
1-1: Swinging Strike
1-2: Ball
2-2: Foul Ball, location: 2F
2-2: Ball
3-2: Foul Ball, location: 2F
3-2: Foul Ball, location: 2F
3-2: Strikes out looking
Bottom of the 4th over - 1 run(s), 1 hit(s), 0 error(s), 1 left on base; Wichita 3 - BlackIron 2
TOP OF THE 5TH
Wichita Wranglers batting - Pitching for BlackIron Dragons : RHP Juan Gutiérrez
Batting: RHB Werner Watkins 0-0: Swinging Strike
0-1: Swinging Strike
0-2: Foul Ball, location: 2F
0-2: Ball
1-2: Strikes out looking
Batting: RHB Dave Henderson 0-0: Foul Ball, location: 2F
0-1: Foul Ball, location: 2F
0-2: Fly out, F3 (Popup, 3S)
Batting: RHB Tom Howe 0-0: Ball
1-0: Ball
2-0: Foul Ball, location: 2F
2-1: Ball
3-1: Base on Balls
Batting: RHB Ed Watkins Pickoff Throw to First - Out!
Top of the 5th over - 0 run(s), 0 hit(s), 0 error(s), 0 left on base; Wichita 3 - BlackIron 2
BOTTOM OF THE 5TH
BlackIron Dragons batting - Pitching for Wichita Wranglers : RHP Dae-ho Kim
Batting: RHB Jesús Cruz 0-0: Foul Ball, location: 2F
0-1: Foul Ball, location: 2F
0-2: Ball
1-2: Strikes out looking
Batting: RHB Boyd Pittman 0-0: Called Strike
0-1: Foul Ball, location: 2F
0-2: Foul Ball, location: 2F
0-2: Ball
1-2: Ground out 4-3 (Groundball, 34)
Batting: LHB Culley Vaughan 0-0: Foul Ball, location: 2F
0-1: Swinging Strike
0-2: Ball
1-2: Foul Ball, location: 2F
1-2: Strikes out looking
Bottom of the 5th over - 0 run(s), 0 hit(s), 0 error(s), 0 left on base; Wichita 3 - BlackIron 2
TOP OF THE 6TH
Wichita Wranglers batting - Pitching for BlackIron Dragons : RHP Juan Gutiérrez
Batting: RHB Ed Watkins 0-0: Ground out 2-3 (Groundball, 25)
Batting: RHB Bob Hall 0-0: Called Strike
0-1: Called Strike
0-2: Ball
1-2: Ball
2-2: Foul Ball, location: 2F
2-2: Foul Ball, location: 2F
2-2: Foul Ball, location: 2F
2-2: Ball
3-2: Strikes out looking
Batting: RHB Don Thomas 0-0: Ball
1-0: Ball
2-0: Ball
3-0: Base on Balls
Batting: LHB Alfredo Sánchez 0-0: Ball
1-0: Ball
2-0: Fly out, F3 (Line Drive, 34)
Top of the 6th over - 0 run(s), 0 hit(s), 0 error(s), 1 left on base; Wichita 3 - BlackIron 2
BOTTOM OF THE 6TH
BlackIron Dragons batting - Pitching for Wichita Wranglers : RHP Dae-ho Kim
Pitching: LHP Tommy Campbell
Batting: LHB Chris Waggoner 0-0: Called Strike
0-1: Foul Ball, location: 2F
0-2: Strikes out swinging
Batting: RHB Preston MacLyan 0-0: Ball
1-0: Called Strike
1-1: DOUBLE (Flyball, 89XD)
Batting: RHB Frank Maxwell 0-0: Ball
1-0: Foul Ball, location: 2F
1-1: Ball
2-1: Fly out, F9 (Flyball, 9M)
Batting: RHB Mark Arnold 0-0: Called Strike
0-1: Foul Ball, location: 2F
0-2: Strikes out swinging
Bottom of the 6th over - 0 run(s), 1 hit(s), 0 error(s), 1 left on base; Wichita 3 - BlackIron 2
TOP OF THE 7TH
Wichita Wranglers batting - Pitching for BlackIron Dragons : RHP Juan Gutiérrez
Pitching: RHP Bret McJannett
Batting: RHB Desi Thompson 0-0: Foul Ball, location: 2F
0-1: Ball
1-1: SOLO HOME RUN (Line Drive, 9D), Distance : 402 ft
Batting: RHB Doug Delaney 0-0: Called Strike
0-1: Called Strike
0-2: Ground out 1-3 (Groundball, 13S)
Batting: RHB Werner Watkins 0-0: Foul Ball, location: 2F
0-1: Foul Ball, location: 2F
0-2: Ball
1-2: Fly out, F8 (Flyball, 78XD)
Batting: RHB Dave Henderson 0-0: Called Strike
0-1: Foul Ball, location: 2F
0-2: Ball
1-2: Strikes out swinging
Top of the 7th over - 1 run(s), 1 hit(s), 0 error(s), 0 left on base; Wichita 4 - BlackIron 2
BOTTOM OF THE 7TH
BlackIron Dragons batting - Pitching for Wichita Wranglers : LHP Tommy Campbell
Batting: RHB Doug O'Brien 0-0: Fly out, F7 (Flyball, 7D)
Batting: RHB Eugene Payne 0-0: Ball
1-0: Ball
2-0: Ball
3-0: Base on Balls
Batting: RHB Jesús Cruz 0-0: Ball
1-0: Called Strike
1-1: Ball
2-1: Ball
3-1: Foul Ball, location: 2F
3-2: Strikes out swinging
Batting: RHB Boyd Pittman 0-0: Ball
1-0: Ball
2-0: 2-RUN HOME RUN (Flyball, 89XD), Distance : 437 ft
Batting: LHB Culley Vaughan 0-0: Swinging Strike
0-1: Foul Ball, location: 2F
0-2: Strikes out looking
Bottom of the 7th over - 2 run(s), 1 hit(s), 0 error(s), 0 left on base; Wichita 4 - BlackIron 4
TOP OF THE 8TH
Wichita Wranglers batting - Pitching for BlackIron Dragons : RHP Bret McJannett
Pinch Hitting: SHB Javier Peña 0-0: Called Strike
0-1: Ball
1-1: Foul Ball, location: 2F
1-2: Foul Ball, location: 2F
1-2: Strikes out swinging
Batting: RHB Ed Watkins 0-0: Swinging Strike
0-1: SINGLE (Line Drive, 8RS)
Batting: RHB Bob Hall 0-0: Ball
1-0: Swinging Strike
1-1: Ball
2-1: Ball
3-1: Base on Balls
Ed Watkins to second
Batting: RHB Don Thomas 0-0: Ball
1-0: Called Strike
1-1: Ball
2-1: Foul Ball, location: 2F
2-2: Foul Ball, location: 2F
2-2: Foul Ball, location: 2F
2-2: Ball
3-2: Fly out, F9 (Flyball, 89XD)
Runner from 2nd tags up, SAFE at 3rd, no throw
Batting: LHB Alfredo Sánchez 0-0: Ball
1-0: Ball
2-0: Foul Ball, location: 2F
2-1: Called Strike
2-2: Ball
3-2: Base on Balls
Bob Hall to second
Batting: RHB Desi Thompson 0-0: Ball
1-0: Swinging Strike
1-1: Ball
2-1: Foul Ball, location: 2F
2-2: DOUBLE (Line Drive, 9LM)
Ed Watkins scores
Bob Hall scores
Alfredo Sánchez to third
Batting: RHB Doug Delaney 0-0: Called Strike
0-1: SINGLE (Groundball, 6MD)
Alfredo Sánchez scores
Desi Thompson to third
Runner from 3rd tries for Home, SAFE, no throw or cutoff
Pitching: RHP Luis Canseco
Batting: RHB Werner Watkins 0-0: Called Strike
0-1: Ball
1-1: Ball
2-1: Foul Ball, location: 2F
2-2: 2-RUN HOME RUN (Flyball, 7D), Distance : 400 ft
Batting: RHB Dave Henderson 0-0: Ball
1-0: Foul Ball, location: 2F
1-1: Ground out 5-3 (Groundball, 5S)
Top of the 8th over - 6 run(s), 4 hit(s), 0 error(s), 0 left on base; Wichita 10 - BlackIron 4
BOTTOM OF THE 8TH
BlackIron Dragons batting - Pitching for Wichita Wranglers : LHP Tommy Campbell
Now in RF: Javier Peña
Batting: LHB Chris Waggoner 0-0: Called Strike
0-1: Swinging Strike
0-2: Strikes out swinging
Pitching: RHP Craig Adams
Batting: RHB Preston MacLyan 0-0: Swinging Strike
0-1: Ball
1-1: Called Strike
1-2: Ball
2-2: Foul Ball, location: 2F
2-2: Ball
3-2: Strikes out looking
Batting: RHB Frank Maxwell 0-0: Ball
1-0: Ball
2-0: Ball
3-0: Called Strike
3-1: Ground out 5-3 (Groundball, 5S)
Bottom of the 8th over - 0 run(s), 0 hit(s), 0 error(s), 0 left on base; Wichita 10 - BlackIron 4
TOP OF THE 9TH
Wichita Wranglers batting - Pitching for BlackIron Dragons : RHP Luis Canseco
Batting: SHB Javier Peña 0-0: Ball
1-0: Ball
2-0: Ball
3-0: Foul Ball, location: 2F
3-1: Foul Ball, location: 2F
3-2: Fly out, F5 (Popup, 5F)
Batting: RHB Ed Watkins 0-0: Ball
1-0: Called Strike
1-1: Ground out 1-3 (Groundball, 15)
Batting: RHB Bob Hall 0-0: Called Strike
0-1: Called Strike
0-2: Ball
1-2: Reached on error, E5 (Groundball, 5S)
Batting: RHB Don Thomas 0-0: Ball
1-0: Called Strike
Bob Hall is caught stealing 2nd base
Top of the 9th over - 0 run(s), 0 hit(s), 1 error(s), 0 left on base; Wichita 10 - BlackIron 4
BOTTOM OF THE 9TH
BlackIron Dragons batting - Pitching for Wichita Wranglers : RHP Craig Adams
Now at C: Carlos Flores
Batting: RHB Mark Arnold 0-0: Ball
1-0: Ball
2-0: Foul Ball, location: 2F
2-1: Ball
3-1: Called Strike
3-2: Ground out 6-3 (Groundball, 6)
Pitching: RHP Reginaldo Coscia
Batting: RHB Doug O'Brien 0-0: Swinging Strike
0-1: Ball
1-1: Swinging Strike
1-2: Ball
2-2: Strikes out swinging
Batting: RHB Eugene Payne 0-0: Ball
1-0: Foul Ball, location: 2F
1-1: Swinging Strike
1-2: Foul Ball, location: 2F
1-2: Strikes out swinging
Bottom of the 9th over - 0 run(s), 0 hit(s), 0 error(s), 0 left on base; Wichita 10 - BlackIron 4
This league is powered by Out of the Park Baseball, the baseball management simulation game for PC, Mac and Linux
Tuesday, August 2nd, 2016 - OOTP Baseball 16.8 Build 38